 Dungeon Crawl Stone Soup version 0.32-a0-876-gcfddb08e57 (webtiles) character file.

Game seed: 16985066341169313917

489 Dirtsage the Slasher (level 6, 0/47 HPs)
             Began as a Demonspawn Monk on Apr 1, 2024.
             Was a Believer of Wu Jian.
             Splashed by a jelly's acid (7 damage)
             ... on level 5 of the Dungeon.
             The game lasted 00:07:17 (3682 turns).

Dirtsage the Slasher (Demonspawn Monk)              Turns: 3682, Time: 00:07:18

Health: 0/47       AC:  4    Str: 12    XL:     6   Next: 90%
Magic:  15/15      EV:  5    Int: 10    God:    Wu Jian [**....]
Gold:   237        SH:  0    Dex: 17    Spells: 5/5 levels left

rFire   . . .        a - +0 falchion
rCold   . . .        d - orb {light}
rNeg    . . .        f - +0 chain mail
rPois   .            l - +0 helmet
rElec   .            (no cloak)
rCorr   .            (no gloves)
SInv    .            w - +2 pair of boots
Will    .....        (no amulet) Stlth
                     e - ring of magical power
HPRegen 0.27/turn    (no ring)
MPRegen 0.14/turn

%: no passive effects
@: corroded, glowing
A: demonic magic 2
a: Renounce Religion, Wall Jump


You were on level 5 of the Dungeon.
You worshipped Wu Jian.
Wu Jian was pleased with you.
You visited 2 branches of the dungeon, and saw 6 of its levels.

You collected 237 gold pieces.

Inventory:

Hand Weapons
 a - a +0 falchion (weapon)
Armour
 b - a +0 robe
 d - an orb of light (worn)
 f - a +0 chain mail (worn)
 l - a +0 helmet (worn)
 w - a +2 pair of boots (worn)
Jewellery
 e - a ring of magical power (left hand)
Scrolls
 h - a scroll of torment {unknown}
 i - a scroll of fear {unknown}
 j - 4 scrolls of teleportation {unknown}
 m - 2 scrolls of identify {unknown}
 n - a scroll of poison {unknown}
 p - a scroll of vulnerability {unknown}
 s - a scroll of enchant weapon {unknown}
 t - 3 scrolls of brand weapon {unknown}
 u - a scroll of summoning {unknown}
Potions
 c - a potion of ambrosia
 g - a potion of degeneration {unknown}
 k - a potion of lignification {unknown}
 o - a potion of brilliance {unknown}
 q - a potion of cancellation {unknown}
 r - a potion of enlightenment {unknown}
 v - 3 potions of heal wounds {unknown}


   Skills:
 - Level 3.0 Fighting
 + Level 7.2 Long Blades
 - Level 2.6 Dodging


You had 5 spell levels left.
You didn't know any spells.
Your spell library was empty.

Dungeon Overview and Level Annotations

Branches:
Dungeon (5/15)             Temple (1/1) D:5

Altars:
Cheibriados
Dithmenos
Fedhas
Gozag
Makhleb
Nemelex Xobeh
Qazlal
Sif Muna
Uskayaw
Vehumet
Wu Jian
Xom

Annotations:
D:4 2 transporters


Innate Abilities, Weirdness & Mutations

Spells you cast may paralyse nearby enemies.


Message History

The jelly barely misses you. The orc hits you with a +0 hand axe.
The orc priest begins to cast a cantrip, but forgets the words!
The orc priest barely misses you.
You take 5 damage, and have 24/47 hp.
You spin and attack the jelly.
You hit the jelly but do no damage.
Your hands burn!
The jelly is moderately wounded.
You spin and attack the orc.
You barely miss the orc. The jelly closely misses you.
The orc hits you but does no damage.
The orc priest hits you but does no damage.
There is a stone staircase leading up here.
You take 4 damage, and have 20/47 hp.
Okay, then.
You spin and attack the orc priest repeatedly.
You hit the orc priest but do no damage.
The orc priest is moderately wounded.
You hit the orc priest but do no damage.
The orc priest is moderately wounded.
You spin and attack the orc.
You hit the orc but do no damage. The orc hits you with a +0 hand axe.
The orc priest barely misses you.
You take 3 damage, and have 17/47 hp.
You spin and attack the orc priest repeatedly.
You hit the orc priest but do no damage.
The orc priest is moderately wounded.
You hit the orc priest but do no damage.
The orc priest is moderately wounded.
The orc priest invokes the aid of Beogh against you.
Pain shoots through your body!
* * * LOW HITPOINT WARNING * * *
You take 5 damage, and have 12/47 hp.
You spin and attack the orc priest.
You completely miss the orc priest.
The orc priest is moderately wounded.
You spin and attack the jelly.
You hit the jelly. The acid corrodes you!
Your hands burn!
* * * LOW HITPOINT WARNING * * *
The jelly is severely wounded.
The jelly hits you.
* * * LOW HITPOINT WARNING * * *
You are splashed with acid!
You die...

...........#..#.#....#......
#..............>.....#......
...#..........#.#...........
.#...#...#..........
..#..................
........).............
.........o..รท......##
........oJo.........#
..........@..........?
................#.....
#...............#.....
....###......#### .... ...
#......... ... ..........##
... .......#...#
..##.......#


You could see a jelly, 2 orc priests and an orc.

Vanquished Creatures
  A black bear (D:5)
  A jelly (D:5)
  2 orc priests (D:3)
  A sleepcap (D:5)
  An iguana (D:3)
  2 orc wizards (D:4)
  Robin (D:2)
  5 adders
  2 gnolls (D:3)
  An ufetubus (D:5)
  6 dart slugs
  3 ribbon worms
  9 orcs
  7 ball pythons
  6 bats
  3 endoplasms
  3 giant cockroaches
  9 hobgoblins
  6 jackals
  2 quokkas
  7 frilled lizards
  14 goblins
  5 kobolds
  7 rats
104 creatures vanquished.

Vanquished Creatures (others)
  A rat (D:1)
1 creature vanquished.

Grand Total: 105 creatures vanquished

Notes
Turn   | Place    | Note
-------+----------+-------------------------------------------
     0 | D:1      | Dirtsage the Demonspawn Monk began the quest for the Orb.
     0 | D:1      | Reached XP level 1. HP: 18/18 MP: 1/1
   207 | D:1      | Reached skill level 3 in Long Blades
   224 | D:1      | Gained mutation: Spells you cast may paralyse adjacent
                  | enemies. [demonic ancestry]
   224 | D:1      | Reached XP level 2. HP: 24/24 MP: 2/2
   953 | D:2      | Reached XP level 3. HP: 28/29 MP: 3/3
   960 | D:2      | Reached skill level 4 in Long Blades
  1249 | D:2      | Noticed Robin
  1278 | D:2      | Reached XP level 4. HP: 26/35 MP: 4/4
  1291 | D:2      | Killed Robin
  1970 | D:3      | Found an ornate altar of the Wu Jian Council.
  1995 | D:3      | Became a worshipper of the Wu Jian Council
  1995 | D:3      | Reached * piety under Wu Jian
  1995 | D:3      | Reached ** piety under Wu Jian
  2085 | D:3      | Reached skill level 5 in Long Blades
  2134 | D:3      | Gained mutation: Spells you cast may paralyse nearby
                  | enemies. [demonic ancestry]
  2134 | D:3      | Reached XP level 5. HP: 39/41 MP: 5/5
  2413 | D:3      | Reached skill level 6 in Long Blades
  2501 | D:3      | Found a shimmering blue altar of Sif Muna.
  2928 | D:4      | Reached XP level 6. HP: 41/47 MP: 6/6
  2963 | D:4      | Found a transporter.
  3028 | D:4      | Found a transporter.
  3039 | D:4      | Found a shadowy altar of Dithmenos.
  3367 | D:5      | Entered Level 5 of the Dungeon
  3378 | D:5      | Found a staircase to the Ecumenical Temple.
  3404 | D:5      | Reached skill level 7 in Long Blades
  3410 | Temple   | Entered the Ecumenical Temple
  3682 | D:5      | Splashed by a jelly's acid

Illustrated notes

Levels and vault maps discovered:
D:1:      saegor_arrival_simple_d, layout_loops_ring, lemuel_flame_loot_1
D:2:      kb_forest_paths, layout_basic, uniq_robin
D:3:      layout_rooms, nicolae_wu_jian_wuxing_cycle, marbit_many_paths
D:4:      layout_cave_pools, mainiacjoe_overflow_six_doors_small,
          elyvilon_altar_4
D:5:      layout_cave_pools, minmay_temple_entry_crystal_x, st_stairs_8
Temple:   hellmonk_temple_beads

Skill      XL: |  1  2  3  4  5  6 |
---------------+-------------------+-----
Long Blades    | 3 4 5 6 7 |  7.2
Fighting       | |  3.0
Dodging        | |  2.6

Action                     |  1- 3 |  4- 6 || total
---------------------------+-------+-------++-------
  Melee: Falchion          |   124 |   234 ||   358
Ability: Lunge             |       |     7 ||     7
         Whirlwind         |       |    65 ||    65
 Armour: Chain mail        |   117 |   200 ||   317
  Dodge: Dodged            |    44 |    68 ||   112

Table legend: (Time is in decaauts)
 A = Elapsed time spent in this place.
 B = Non-inter-level travel time spent in this place.
 C = Inter-level travel time spent in this place.
 D = Time resting spent in this place.
 E = Time spent auto-exploring this place.
 F = Levels seen in this place.
 G = Mean time per level.
                   A        B        C        D        E       F      G
               +--------+--------+--------+--------+--------+-----+--------+
         Total |   3704 |   3522 |    182 |    223 |   2624 |   6 |  617.3 |
       Dungeon |   3591 |   3409 |    182 |    112 |   2624 |   5 |  718.2 |
        Temple |    112 |    112 |      0 |    111 |      0 |   1 |  112.0 |
               +--------+--------+--------+--------+--------+-----+--------+

Top non-repeatable levels by time:
     D:2: 1108 daAuts
     D:1: 928 daAuts
     D:3: 799 daAuts
     D:4: 695 daAuts
  Temple: 112 daAuts
     D:5: 58 daAuts
